 Dungeon Crawl Stone Soup version 0.19.1-1-g22dce08 (webtiles) character file.

2281 Peloso the Slasher (level 9, -4/75 HPs)
             Began as a Ghoul Fighter on Jan 3, 2017.
             Was a Believer of Okawaru.
             Killed by divine providence
             ... invoked by an orc priest
              (11 damage)
             ... on level 8 of the Dungeon.
             The game lasted 00:18:18 (7264 turns).

Peloso the Slasher (Ghoul Fighter)                  Turns: 7264, Time: 00:18:19

Health: -4/75      AC: 11    Str: 20    XL:     9   Next: 39%
Magic:  8/8        EV:  8    Int:  3    God:    Okawaru [**....]
Gold:   416        SH:  7    Dex: 11    Spells: 0 memorised, 8 levels left

rFire  . . .     SeeInvis .     a - +1 long sword
rCold  + . .     Gourm    .     t - +0 chain mail
rNeg   + + +     Faith    .     m - +2 buckler
rPois  ∞         Spirit   .     (no helmet)
rElec  .         Reflect  .     (no cloak)
rCorr  .         Harm     .     (no gloves)
MR     .....                    x - +0 pair of boots
Stlth  ..........               g - amulet of rage
                                (no ring)
                                (no ring)

@: rotting
A: rotting body, claws 1, carnivore 3, cold resistance 1, negative energy
resistance 3, slow regeneration 1, torment resistance, unbreathing
a: Heroism, Renounce Religion


You were on level 8 of the Dungeon.
You worshipped Okawaru.
Okawaru was pleased with you.
You were not hungry.

You visited 1 branch of the dungeon, and saw 8 of its levels.

You collected 416 gold pieces.

Inventory:

Hand Weapons
 a - a +1 long sword (weapon)
 p - a +1 whip of flaming
Armour
 m - a +2 buckler (worn)
 t - a +0 chain mail (worn)
 x - a +0 pair of boots (worn)
 E - a +0 plate armour
Jewellery
 g - an amulet of rage (around neck)
Scrolls
 b - a scroll of enchant armour {unknown}
 c - a scroll of enchant weapon
 j - 2 scrolls of magic mapping {unknown}
 o - 3 scrolls of recharging {unknown}
 r - a scroll of blinking {unknown}
 s - 2 scrolls of random uselessness {unknown}
 y - a scroll of identify
 z - a scroll of immolation {unknown}
 A - a scroll of remove curse {unknown}
 C - a scroll of silence {unknown}
 D - a scroll of noise {unknown}
Potions
 d - a potion of might
 e - a potion of invisibility
 i - 3 potions of resistance
 k - a potion of haste
 n - a potion of cancellation
 v - a potion of magic {unknown}
 w - 2 potions of heal wounds {unknown}
 B - a potion of mutation {unknown}
 F - a potion of beneficial mutation {unknown}
 G - a potion of brilliance {unknown}
Comestibles
 f - 5 meat rations
 h - 2 slices of pizza
 q - a beef jerky


   Skills:
 + Level 5.8 Fighting
 + Level 7.1 Long Blades
 + Level 6.5 Armour
 + Level 2.3 Dodging
 + Level 0.8 Stealth
 + Level 4.8 Shields
 + Level 0.7 Invocations


You had 8 spell levels left.
You didn't know any spells.

Dungeon Overview and Level Annotations

Branches:
Dungeon (8/15)
 Temple: D:4-7         Lair: D:8-11

Altars:
Ashenzari
Fedhas
Gozag
Kikubaaqudgha
Okawaru
Qazlal
Sif Muna
Trog
Uskayaw
Xom
Yredelemnul
Zin

Shops:
D:4 *

Annotations:
D:7 cuckmaster's ghost, novice TrMo


Innate Abilities, Weirdness & Mutations

Your body is rotting away.
You thrive on raw meat.
You are immune to poison.
You have sharp fingernails.
You are carnivorous and can eat meat at any time.
Your flesh is cold resistant. (rC+)
You are immune to negative energy. (rN+++)
You regenerate slowly when monsters are visible.
You are immune to unholy pain and torment.
You can survive without breathing.


Message History

The orc priest miscasts a cantrip.
There is an open door here.
The quokka barely misses you.
The orc priest calls down the wrath of Beogh upon you.
Beogh smites you!
* * * LOW HITPOINT WARNING * * *
The quokka barely misses you.
You riposte.
You slash the quokka!
You kill the quokka!
Okawaru accepts your kill.
An orc comes into view. It is wielding a trident.
You feel better.
The orc shouts!
The orc hits you from afar with a trident.
* * * LOW HITPOINT WARNING * * *
The orc barely misses you. The orc hits you but does no damage.
The orc priest looks satisfied for a moment.
The orc priest invokes the aid of Beogh against you.
Beogh smites you!
You die...

#.............#.#.# #......#
#..####<......#.#.# #......#
#.. .........#.#.# #......#
#. #######.#.#.#.# ###....# #
#####.#.#.#.########### #
#.......#.#..........# ###
#.......#.#..........# #..
#.......#.#..........####..
#.......'.@.o...........'..
#.......#.#....o......###..
...........##.o...o...####..
.##+##########..o............
#..........###..
#............#..
############.#.. #.........#
#†### #.........###o#


You could see an orc warrior, 2 orc priests and 2 orcs.

Vanquished Creatures
  2 hippogriffs (D:8)
  Sigmund (D:3)
  Menkaure (D:5)
  A water moccasin (D:8)
  Duvessa (D:5)
  An ice beast (D:8)
  The ghost of YsNightScale the Shooter, an amateur HEHu of Trog (D:3)
  2 centaurs
  2 bullfrogs (D:8)
  Dowan (D:5)
  A scorpion (D:6)
  3 howler monkeys (D:8)
  An electric eel (D:8)
  A crimson imp (D:8)
  4 orc priests
  2 orc wizards (D:4)
  A bullfrog skeleton (D:5)
  A gnoll shaman (D:4)
  2 iguanas
  4 worker ants
  11 adders
  12 gnolls
  2 adder zombies
  2 adder skeletons
  3 worms
  5 dart slugs
  3 leopard geckos
  9 orcs
  5 giant cockroaches
  8 goblins
  6 hobgoblins
  10 jackals
  7 kobolds
  4 quokkas
  A ball python skeleton (D:4)
  4 bats
  4 frilled lizards
  5 rats
  A plant (D:8)
135 creatures vanquished.

Vanquished Creatures (others)
  A plant (D:8)
1 creature vanquished.

Grand Total: 136 creatures vanquished

Notes
Turn   | Place    | Note
-------+----------+-------------------------------------------
     0 | D:1      | Peloso the Ghoul Fighter began the quest for the Orb.
     0 | D:1      | Reached XP level 1. HP: 19/19 MP: 0/0
    59 | D:1      | Reached XP level 2. HP: 25/25 MP: 1/1
   136 | D:1      | Reached skill level 2 in Long Blades
   220 | D:1      | Reached XP level 3. HP: 10/30 MP: 2/2
   713 | D:2      | Found a shimmering altar of Xom.
   901 | D:2      | Found a basalt altar of Yredelemnul.
   927 | D:2      | Found a blossoming altar of Fedhas.
  1111 | D:3      | Reached XP level 4. HP: 37/40 MP: 3/3
  1294 | D:2      | Reached skill level 3 in Long Blades
  1325 | D:2      | Reached XP level 5. HP: 39/46 MP: 4/4
  1773 | D:3      | Found an opulent altar of Gozag.
  1822 | D:3      | Found an iron altar of Okawaru.
  1846 | D:3      | Became a worshipper of Warmaster Okawaru
  2347 | D:3      | Noticed Sigmund
  2371 | D:3      | Killed Sigmund
  2371 | D:3      | Reached XP level 6. HP: 8/52 MP: 5/5
  2515 | D:3      | Reached * piety under Okawaru
  2670 | D:3      | Reached skill level 1 in Dodging
  2695 | D:3      | Noticed YsNightScale's ghost (amateur HEHu)
  2852 | D:4      | Reached skill level 4 in Long Blades
  2858 | D:4      | Reached XP level 7. HP: 52/60 MP: 6/6
  3380 | D:4      | Found Zin's Purification Station.
  3384 | D:4      | Found a glowing silver altar of Zin.
  3479 | D:5      | Entered Level 5 of the Dungeon
  3479 | D:5      | Noticed Duvessa
  3479 | D:5      | Noticed Dowan
  3546 | D:5      | Killed Duvessa
  3546 | D:5      | Reached skill level 5 in Long Blades
  3553 | D:5      | Killed Dowan
  3577 | D:5      | Found a bloodstained altar of Trog.
  3582 | D:5      | Reached XP level 8. HP: 56/67 MP: 7/7
  3643 | D:5      | Noticed Menkaure
  3654 | D:5      | Killed Menkaure
  3654 | D:5      | Reached skill level 5 in Armour
  3703 | D:5      | Found a stormy altar of Qazlal.
  3946 | D:5      | Reached skill level 6 in Long Blades
  4217 | D:6      | Found a deep blue altar of Sif Muna.
  4270 | D:6      | Found an ancient bone altar of Kikubaaqudgha.
  4703 | D:3      | Killed YsNightScale's ghost
  4703 | D:3      | Reached ** piety under Okawaru
  4703 | D:3      | Reached skill level 5 in Fighting
  4840 | D:7      | Found a shattered altar of Ashenzari.
  4850 | D:7      | Noticed cuckmaster's ghost (novice TrMo)
  5161 | D:7      | HP: 3/68 [cuckmaster's ghost (8)]
  5577 | D:8      | Noticed a hippogriff
  5599 | D:8      | Killed a hippogriff
  5789 | D:8      | Reached XP level 9. HP: 74/74 MP: 8/8
  5844 | D:8      | Found a hide-covered altar of Uskayaw.
  6190 | D:8      | HP: 2/74 [electric eel/bolt of electricity (11)]
  7000 | D:8      | Reached skill level 7 in Long Blades
  7248 | D:8      | HP: 2/74 [orc priest/divine providence (14)]
  7264 | D:8      | Killed from afar by an orc priest

Skill      XL: |  1  2  3  4  5  6  7  8  9 |
---------------+----------------------------+-----
Shields        | 3 4 |  4.8
Long Blades    | 2 3 4 5 6 7 |  7.1
Armour         | 3 4 5 6 |  6.5
Fighting       | 4 5 |  5.8
Dodging        | 1 2 |  2.3
Stealth        | |  0.8
Invocations    | |  0.7

Action                   |  1- 3 |  4- 6 |  7- 9 || total
-------------------------+-------+-------+-------++-------
Melee: Long sword        |   134 |   227 |   370 ||   731
Invok: Heroism           |       |       |     7 ||     7
  Use: Scroll            |     2 |     1 |     3 ||     6
       Potion            |       |       |     5 ||     5
  Eat: Chunk             |     3 |    14 |    33 ||    50
Armor: Scale mail        |    84 |    38 |       ||   122
       Chain mail        |       |    65 |   188 ||   253
Dodge: Dodged            |    60 |    71 |   117 ||   248
Block: Shield            |    56 |       |       ||    56
       Buckler           |     7 |    74 |   113 ||   194
       Rpst.: Long sword |    15 |    23 |    32 ||    70
